Justin14p, lawful male human Knight ------ |....| ---------------- |.{...#################### |..............| |..<.| #..>............| -.---- ###|..............| ### ------ # --%--------.---- # |....| ### # * ## #|....| # # %# -|--- #### #######|...*| ### # ## |...-#######---------------# ##.....| # # |...| #..............|# # |.....#### # |....#######|.............|#### ------ # |...| #|.............|## -|------------- |...| #|..............########%%############..............| |...|#######+.............| |.............| ----- #--------------- |.............| ##############a@#### |.............| |.............| --------------- Justin14p the Esquire Experience level: 4 Strength: 14 Dexterity: 9 Constitution: 14 Intelligence: 7 Wisdom: 16 Charisma: 17 Health: 0(31) Energy: 31(31) Def: 1 Gold: 408 Moves: 1796 Dungeon seed: AhbCe17t6HmJlnxj Game ID: Justin14p_1525603178 Your Inventory: Coins $ - 408 gold pieces Weapons h - 2 +0 orcish daggers (wielded) Armor n - an uncursed rusty +0 helmet (being worn) r - an uncursed +0 pair of leather gloves (being worn) Comestibles c - 10 uncursed apples d - 11 uncursed carrots j - 2 uncursed tripe rations k - an uncursed cream pie Scrolls l - an uncursed scroll of light Potions f - an uncursed potion of gain energy g - an uncursed potion of sleeping m - an uncursed potion of enlightenment Spells and supernatural/magical abilities: Name Level Category Fail Memory W - pray for help -- divine ? -- X - turn undead -- divine ? -- Y - supernatural jump -- ability ? -- Your skills at the end: Fighting Skills riding [Basic] Weapon Skills long sword [Basic] lance [Basic] Spellcasting Skills Final Attributes: You were piously aligned. You could jump. You are dead. Vanquished creatures: a rock mole a violet fungus 4 dwarf zombies 3 acid blobs a hobgoblin a giant rat 5 jackals 2 goblins 3 sewer rats 6 grid bugs 2 lichens 2 kobold zombies 5 newts 36 creatures vanquished. Voluntary challenges: You went without food. You used a wielded weapon 69 times, starting on turn 3. You were illiterate. You never genocided any monsters. You never polymorphed an object. You never changed form. You used no wishes. You never split a pudding. You never wrote Elbereth's name. You violated your moral code, losing 1 point of alignment, starting on turn 1558. Dungeon overview: The Dungeons of Doom: levels 1 to 7 Level 1 a fountain a long staircase Level 2 an altar to Brigit a long staircase Level 3 Level 4 an altar to Lugh, a fountain Level 5 Level 7 <- You were here a fountain History has recorded: On T:1 you entered the Dungeons of Doom to retrieve the Amulet of Yendor! On T:444 you reached level 2 of The Dungeons of Doom. On T:518 you advanced to experience level 2. On T:856 you reached level 3 of The Dungeons of Doom. On T:966 you reached level 4 of The Dungeons of Doom. On T:1142 you advanced to experience level 3. On T:1300 you reached level 5 of The Dungeons of Doom. On T:1357 you reached level 7 of The Dungeons of Doom. On T:1519 you advanced to experience level 4. Score breakdown: Gold: 408 ( 8884 points) Experience: 4 levels ( 9649 points) Exploration: 7 levels ( 14.00%) (10497 points) Discoveries: 1 item ( 0.41%) ( 1912 points) Valuables value: (no points given unless you survive) Artifact value: 0 ( 0 points) Variety of kills: 13 monsters ( 3.41%) ( 5541 points) Turncount: 1796 turns ( 0 points) Survival: died (score multiplied by 80%) Total score: 29186 Latest messages: You miss the violet fungus. You hit the violet fungus. (2x) The violet fungus touches you! (2x) You hit the violet fungus. You miss the violet fungus. You hit the violet fungus. (3x) You miss the violet fungus. (3x) You kill the violet fungus! The giant ant bites! You miss the giant ant. The giant ant bites! You miss the giant ant. The giant ant bites! (2x) You hit the giant ant. The giant ant bites! You miss the giant ant. The giant ant bites! (2x) You miss the giant ant. The giant ant bites! You hit the giant ant. The giant ant bites! (2x) You miss the giant ant. The giant ant bites! You miss the giant ant. The giant ant bites! (2x) You die... Final status: Fare thee well Justin14p the Knight, killed by a giant ant... You died in The Dungeons of Doom on dungeon level 7 with 29186 points, and 408 pieces of gold, after 1796 moves. You were level 4 with a maximum of 31 hit points when you died.